 Dungeon Crawl Stone Soup version 0.27.1-35-g4d5d836560 (webtiles) character file.

Game seed: 17421942727834800295

240 tkbsonic5 the Vexing (level 5, 0/28 (31) HPs)
             Began as a Deep Elf Arcane Marksman on Dec 22, 2022.
             Slain by an orc (4 damage)
             ... on level 5 of the Dungeon.
             The game lasted 00:23:34 (5026 turns).

tkbsonic5 the Vexing (Deep Elf Arcane Marksman)     Turns: 5026, Time: 00:23:36

HP:   0/28 (31)     AC:  2    Str:  7    XL:     5   Next: 79%
MP:   2/11          EV: 13    Int: 18    God:
Gold: 43            SH:  0    Dex: 16    Spells: 1/10 levels left

rFire    . . .     SeeInvis .   a - +0 shortbow
rCold    . . .     Faith    .   (shield currently unavailable)
rNeg     . . .     Spirit   .   d - +0 robe
rPois    .         Reflect  .   (no helmet)
rElec    .         Harm     .   t - scarf {repulsion}
rCorr    .         Rampage  .   (no gloves)
Will     .....                  (no boots)
Stlth    ++........             (no amulet)
HPRegen  0.09/turn              b - ring of wizardry
MPRegen  0.12/turn              p - ring of flight

@: flying, drained, repel missiles
A: robust 1, wild magic 2
a: no special abilities


You were on level 5 of the Dungeon.
You visited 1 branch of the dungeon, and saw 5 of its levels.

You collected 76 gold pieces.
You spent 33 gold pieces at shops.

Inventory:

Hand Weapons
 a - a +0 shortbow (weapon)
 u - a +1 dagger of draining
Missiles
 o - 26 poisoned darts
 r - 7 javelins
 s - 18 bolts
Armour
 d - a +0 robe (worn)
 i - a +2 buckler
 t - a scarf of repulsion (worn)
Jewellery
 b - a ring of wizardry (left hand)
 p - a ring of flight (right hand)
Scrolls
 g - a scroll of amnesia
Potions
 n - a potion of brilliance


   Skills:
 - Level 1.3 Fighting
 * Level 4.8 Bows
 - Level 3.2 Dodging
 * Level 2.0 Stealth
 * Level 3.2 Spellcasting
 * Level 4.9 Hexes
 + Level 1.2 Translocations
 * Level 0.3 Fire Magic
 + Level 1.5 Evocations


You had one spell level left.
You knew the following spells:

 Your Spells              Type           Power      Damage    Failure   Level
a - Corona                Hex            36%        N/A       2%          1
b - Slow                  Hex            33%        N/A       3%          2
c - Portal Projectile     Hex/Tloc       44%        N/A       11%         3
d - Inner Flame           Hex/Fire       20%        N/A       12%         3

Your spell library contained the following spells:

 Spells                   Type           Power      Damage    Failure   Level
 Apportation              Tloc           22%        N/A       9%          1
 Animate Skeleton         Necr           8%         N/A       12%         1
 Summon Small Mammal      Summ           16%        N/A       12%         1
 Cause Fear               Hex            16%        N/A       16%         4


Dungeon Overview and Level Annotations

Branches:
Dungeon (5/15)
 Temple: D:4-7

Altars:

Shops:
D:1 *   D:3 !


Innate Abilities, Weirdness & Mutations

You are robust. (+10% HP)
Your spells are harder to cast, but more powerful.


Message History

Press: ? - help, Q - select action, (/) - cycle Shift-Dir - straight line, f/p - orc
Aim: an orc, wielding a +2 flail of draining, wearing a +0 ring mail and quivering boomerangs (lightly wounded, slow, softly glowing, 83% to hit)
You shoot an arrow. The arrow hits the orc.
The orc is moderately wounded.
The orc stops glowing.
The orc throws a boomerang.
The boomerang closely misses you.
The orc priest calls upon Beogh to heal the orc.
The orc's wounds heal themselves!
The orc priest miscasts a cantrip.
The orc throws a boomerang.
The boomerang completely misses you.
There is a stone staircase leading down here.
You fly downwards.
The orc shouts!
You hear a shout! x4
Found 16 gold pieces.
There is a stone staircase leading up here.
You start resting.
An orc is nearby!
You are too injured to fight recklessly!
Fire: 2 arrows
Press: ? - help, Q - select action, (/) - cycle Shift-Dir - straight line, f - orc
Aim: an orc, wielding a +0 trident and wearing a +0 chain mail (69% to hit)
You shoot an arrow. The arrow closely misses the orc.
The orc closely misses you.
Fire: arrow
Press: ? - help, Q - select action, (/) - cycle Shift-Dir - straight line, f/p - orc
Aim: an orc, wielding a +0 trident and wearing a +0 chain mail (69% to hit)
You shoot an arrow.
The arrow hits the orc but does no damage.
The orc barely misses you.
Casting: Corona (safe; 2% risk of failure)
Confirm with . or Enter, or press ? or * to list all spells.
Okay, then.
Casting: Corona (safe; 2% risk of failure)
Confirm with . or Enter, or press ? or * to list all spells.
Aiming: Corona (safe; 2% risk of failure)
Press: ? - help, Shift-Dir - straight line, f/p - orc
Aim: an orc, wielding a +0 trident and wearing a +0 chain mail (chance to affect: 85%)
The orc is outlined in light.
The orc hits you from afar with a +0 trident.
You die...

#######
#@....#
###o#.#
###.#
#..<#
###$#
#.o
#.#.
#.#.o
#.# ##


You could see an orc (corona).

Vanquished Creatures
  A gnoll sergeant (D:3)
  2 hounds (D:4)
  4 gnolls (D:3)
  2 adders
  An adder skeleton (D:4)
  6 orcs
  2 endoplasms (D:1)
  2 giant cockroaches
  5 goblins
  5 hobgoblins
  4 quokkas
  2 ball pythons
  7 bats
  5 kobolds
  4 rats
52 creatures vanquished.

Vanquished Creatures (others)
  3 plants (D:5)
3 creatures vanquished.

Grand Total: 55 creatures vanquished

Notes
Turn   | Place    | Note
-------+----------+-------------------------------------------
     0 | D:1      | tkbsonic5 the Deep Elf Arcane Marksman began the quest for
                  | the Orb.
     0 | D:1      | Reached XP level 1. HP: 11/11 MP: 5/5
   331 | D:1      | Reached XP level 2. HP: 16/16 MP: 4/6
   338 | D:1      | Learned a level 2 spell: Slow
   435 | D:1      | Found a faded altar of an unknown god.
   437 | D:1      | Found Noulas's General Store.
   441 | D:1      | Reached skill level 1 in Stealth
  1170 | D:2      | Reached XP level 3. HP: 7/20 MP: 1/8
  2693 | D:3      | Learned a level 3 spell: Portal Projectile
  2860 | D:3      | Reached skill level 1 in Fighting
  3370 | D:3      | Found Waneyn's Distillery.
  3379 | D:3      | Bought a potion of curing for 33 gold pieces
  3416 | D:3      | Reached XP level 4. HP: 25/25 MP: 4/9
  3650 | D:3      | Noticed a gnoll sergeant
  3671 | D:3      | Gained mutation: Your spells are a little harder to cast,
                  | but a little more powerful. [potion of mutation]
  3671 | D:3      | Gained mutation: You are robust. (+10% HP) [potion of
                  | mutation]
  3671 | D:3      | Gained mutation: Your spells are harder to cast, but more
                  | powerful. [potion of mutation]
  3696 | D:3      | Killed a gnoll sergeant
  3697 | D:3      | Reached skill level 1 in Evocations
  3697 | D:3      | Reached XP level 5. HP: 24/31 MP: 11/11
  3698 | D:3      | Reached skill level 1 in Translocations
  4436 | D:4      | Learned a level 3 spell: Inner Flame
  4994 | D:4      | HP: 1/28 [orc/boomerang (2)]
  5016 | D:5      | Entered Level 5 of the Dungeon
  5026 | D:5      | Slain by an orc

Illustrated notes

Levels and vault maps discovered:
D:1:      mrwooster_arrival_statue_3, layout_basic, serial_curves,
          eino_curves_01, eino_curves_02, eino_curves_02, serial_shops,
          nicolae_diamond_shop, hellmonk_ecumenical_altar_pennies_from_heaven
D:2:      layout_basic
D:3:      layout_basic, serial_shops, shop, chequers_garden
D:4:      layout_cave_pods, mainiacjoe_overflow_tiny_flanked, minivault_11
D:5:      corexii_shack_village, layout_basic,
          mainiacjoe_overflow_catch_the_wave

Skill      XL: |  1  2  3  4  5 |
---------------+----------------+-----
Bows           | 3 4 |  4.8
Stealth        | 1 2 |  2.0
Spellcasting   | 2 3 |  3.2
Fighting       | 1 |  1.3
Dodging        | 3 |  3.2
Evocations     | 1 |  1.5
Translocations | 1 |  1.2
Hexes          | |  4.9
Fire Magic     | |  0.3

Action                   |  1- 3 |  4- 6 || total
-------------------------+-------+-------++-------
Melee: Dagger            |     2 |       ||     2
 Fire: Shortbow          |   129 |    70 ||   199
 Cast: Corona            |    22 |    10 ||    32
       Slow              |    18 |     6 ||    24
       Portal Projectile |     1 |     4 ||     5
       Inner Flame       |       |     1 ||     1
Evoke: Wand              |     2 |    13 ||    15
  Use: Scroll            |     8 |     1 ||     9
       Potion            |     2 |     7 ||     9
Armor: Robe              |     3 |     5 ||     8
       Skin              |       |    11 ||    11
Dodge: Dodged            |    33 |    46 ||    79
